 Dungeon Crawl Stone Soup version 0.25-a0-1024-gbfbf38f2cb (webtiles) character file.

Game seed: 3463115975016863763, levelgen mode: deterministic

6056 MisterFreud the Carver (level 10, -9/68 HPs)
             Began as an Octopode Gladiator on May 12, 2020.
             Was an Elder of Cheibriados.
             Mangled by a large slime creature (42 damage)
             ... on level 10 of the Dungeon.
             The game lasted 00:15:04 (10216 turns).

MisterFreud the Carver (Octopode Gladiator)        Turns: 10216, Time: 00:15:04

Health: -9/68      AC:  1    Str: 23    XL:     10   Next: 87%
Magic:  5/14       EV: 21    Int: 23    God:    Cheibriados [****..]
Gold:   643        SH: 10    Dex: 25    Spells: 5/9 levels left

rFire    + + .     SeeInvis .   D - +5 long sword
rCold    x . .     Gourm    .   y - +0 buckler
rNeg     . . .     Faith    .   b - +0 hat
rPois    .         Spirit   .   h - +4 amulet of reflection
rElec    .         Reflect  +   w - ring of fire
rCorr    .         Harm     .   K - ring of protection from fire
MR       .....                  (no ring)
Stlth    +++.......             (no ring)
HPRegen  0.21/turn              (no ring)
MPRegen  0.14/turn              (no ring)
                                (no ring)
                                (no ring)

@: very slow
A: almost no armour, stealthy swim, amphibious, 8 rings, constrict 8, camouflage
1, gelatinous body 1
a: Bend Time, Temporal Distortion, Slouch, Renounce Religion


You were on level 10 of the Dungeon.
You worshipped Cheibriados.
Cheibriados was greatly pleased with you.
You were hungry.

You visited 1 branch of the dungeon, and saw 10 of its levels.

You collected 643 gold pieces.

Inventory:

Hand Weapons
 D - a +5 long sword (weapon)
Missiles
 c - 3 throwing nets (quivered)
 g - 229 stones
 j - 85 bolts
 k - 177 arrows
 l - 62 sling bullets
 B - 19 poisoned darts
 G - 7 boomerangs of dispersal
 M - 5 boomerangs
Armour
 b - a +0 hat (worn)
 y - a +0 buckler (worn)
Jewellery
 f - an uncursed amulet of guardian spirit
 h - a +4 amulet of reflection (around mantle)
 w - a ring of fire (left tentacle)
 K - a ring of protection from fire (right tentacle)
Wands
 q - a wand of flame (25)
 x - a wand of digging (4)
 C - a wand of acid (15)
 J - a wand of iceblast (6)
Scrolls
 e - 2 scrolls of magic mapping
 i - a scroll of enchant weapon
 p - 6 scrolls of teleportation {unknown}
 t - 2 scrolls of immolation {unknown}
 u - a scroll of enchant armour {unknown}
 v - 2 scrolls of amnesia {unknown}
 A - 5 scrolls of remove curse
 E - a scroll of fog {unknown}
 F - a scroll of blinking {unknown}
 H - a scroll of identify
 I - a scroll of noise {unknown}
Potions
 a - 2 potions of degeneration
 m - a potion of brilliance
 n - 2 potions of curing
 o - a potion of mutation
 r - 2 potions of haste
 s - a potion of heal wounds
 z - a potion of might
Comestibles
 d - 14 rations


   Skills:
 + Level 6.0 Fighting
 + Level 10.0 Long Blades
 - Level 2.0 Throwing
 + Level 8.0 Dodging
 - Level 4.0 Shields
 - Level 6.0 Invocations
 - Level 6.0 Evocations


You had 5 spell levels left.
You knew the following spells:

 Your Spells              Type           Power        Failure   Level  Hunger
a - Summon Lightning Spi  Summ/Air       #.......     83%         4    #####..

Your spell library contained the following spells:

 Spells                   Type           Power        Failure   Level  Hunger
 Summon Small Mammal      Summ           #...         16%         1    ##.....
 Call Imp                 Summ           #.......     24%         2    ###....
 Call Canine Familiar     Summ           #.......     43%         3    ####...
 Summon Guardian Golem    Hex/Summ       #.......     43%         3    ####...
 Summon Ice Beast         Ice/Summ       #.......     83%         4    #####..


Dungeon Overview and Level Annotations

Branches:
Dungeon (10/15)            Temple (0/1) D:6             Orc (0/2) D:10
   Lair: D:8-11

Altars:
Ashenzari
Cheibriados
Dithmenos
Elyvilon
Fedhas
Gozag
Kikubaaqudgha
Ru
Sif Muna
Trog
Vehumet
Xom
The Shining One
Beogh

Shops:
D:2 *   D:8 [


Innate Abilities, Weirdness & Mutations

You cannot wear most types of armour.
You are very stealthy in the water. (Stealth+)
You are amphibious.
You can wear up to eight rings at the same time.
You can use your tentacles to constrict eight enemies at once.
Your skin changes colour to match your surroundings (Stealth+).
Your rubbery body absorbs attacks. (AC +1, EV +1)


Message History

The very large slime creature is heavily wounded.
The slime creature closely misses you.
A very large slime creature splits.
You slash the large slime creature!
The large slime creature is heavily wounded.
The slime creature misses you. The large slime creature misses you.
Unknown command.
Okay, then.
Unknown command.
Unknown command.
Unknown command.
Unknown command.
Unknown command.
Unknown command.
Unknown command.
You slash the slime creature! Your squeeze misses the slime creature.
The slime creature is severely wounded.
The slime creature hits you! You block the slime creature's attack.
The large slime creature hits you!!!
Ouch! That really hurt!
You die...

#.# #.# #.# #.# #.#
#.# #.# #.# #.# #.#
#.# #.#
#######.########.##
......JJJ.........#
#######@###########
........# #######.#
###


You could see a large slime creature and 2 slime creatures.

Vanquished Creatures
  A two-headed ogre (D:10)
  Grinder (D:3)
  A hornet (D:9)
  A slime creature (D:10)
  A hippogriff (D:7)
  9 orc warriors
  An ice beast (D:6)
  2 black bears
  2 sky beasts (D:8)
  A phantom (D:6)
  2 ogres
  4 centaurs
  2 crocodiles (D:8)
  2 bullfrogs
  2 gnoll sergeants
  A wyvern skeleton (D:10)
  A scorpion (D:8)
  5 killer bees (D:7)
  3 wights (D:6)
  2 vampire bats (D:4)
  2 crimson imps (D:8)
  A centaur zombie (D:8)
  A bullfrog zombie (D:7)
  A gnoll shaman (D:6)
  4 hounds
  5 jellies
  A centaur skeleton (D:4)
  8 orc priests
  Crazy Yiuf (D:2)
  2 bullfrog skeletons
  Jessica (D:2)
  Terence (D:3)
  5 iguanas
  7 orc wizards
  6 worker ants
  A hound zombie (D:5)
  A mummy (D:9)
  A howler monkey zombie (D:9)
  A worker ant zombie (D:7)
  Robin (D:2)
  18 gnolls
  9 adders
  2 shadow imps
  6 oozes
  An adder zombie (D:6)
  An adder skeleton (D:5)
  5 worms
  2 dart slugs
  6 leopard geckos
  48 orcs
  6 bats
  2 bat skeletons (D:4)
  3 bat zombies (D:4)
  A giant cockroach (D:3)
  17 goblins
  7 hobgoblins
  20 jackals
  2 quokkas
  3 ball pythons
  6 frilled lizards
  7 kobolds
  A quokka skeleton (D:4)
  A quokka zombie (D:6)
  6 rats
275 creatures vanquished.

Vanquished Creatures (others)
  A dart slug (D:2)
  An orc (D:10)
  A giant cockroach (D:2)
3 creatures vanquished.

Grand Total: 278 creatures vanquished

Notes
Turn   | Place    | Note
-------+----------+-------------------------------------------
     0 | D:1      | MisterFreud the Octopode Gladiator began the quest for the
                  | Orb.
     0 | D:1      | Reached XP level 1. HP: 14/14 MP: 1/1
   110 | D:1      | Reached XP level 2. HP: 11/20 MP: 2/2
   459 | D:1      | Reached XP level 3. HP: 25/26 MP: 3/3
   807 | D:2      | Found a radiant altar of Vehumet.
   876 | D:2      | Found an opulent altar of Gozag.
   948 | D:2      | Found Gozag's Platinum Reserve.
   987 | D:2      | Found a white marble altar of Elyvilon.
  1004 | D:2      | Reached XP level 4. HP: 23/33 MP: 4/4
  1324 | D:2      | Noticed Jessica
  1327 | D:2      | Killed Jessica
  1327 | D:2      | Reached skill level 4 in Long Blades
  1334 | D:2      | Found a shattered altar of Ashenzari.
  1371 | D:2      | Noticed Robin
  1391 | D:2      | Reached XP level 5. HP: 22/37 MP: 5/5
  1395 | D:2      | Killed Robin
  1655 | D:2      | Found a runed translucent door.
  1656 | D:2      | Noticed Crazy Yiuf
  1662 | D:2      | Killed Crazy Yiuf
  2102 | D:3      | Noticed Grinder
  2123 | D:3      | Killed Grinder
  2123 | D:3      | Reached skill level 6 in Long Blades
  2123 | D:3      | Reached XP level 6. HP: 21/43 MP: 6/6
  2405 | D:3      | Found a snail-covered altar of Cheibriados.
  2417 | D:3      | Became a worshipper of Cheibriados the Contemplative
  2720 | D:3      | Found a sacrificial altar of Ru.
  2721 | D:3      | Noticed Terence
  2728 | D:3      | Killed Terence
  2903 | D:3      | Reached XP level 7. HP: 48/48 MP: 7/7
  3116 | D:4      | Reached * piety under Cheibriados
  3125 | D:4      | HP: 2/48 [hound (4)]
  3422 | D:4      | Reached skill level 5 in Dodging
  3847 | D:4      | Reached ** piety under Cheibriados
  4537 | D:4      | Found an ancient bone altar of Kikubaaqudgha.
  4543 | D:4      | Reached XP level 8. HP: 52/54 MP: 8/8
  4581 | D:5      | Entered Level 5 of the Dungeon
  4972 | D:5      | Reached *** piety under Cheibriados
  5015 | D:5      | Reached skill level 1 in Invocations
  5274 | D:5      | Found a blossoming altar of Fedhas.
  5324 | D:5      | Found a shadowy altar of Dithmenos.
  5885 | D:6      | Found the +12 Vampire's Tooth {vamp}
  5923 | D:6      | Found a bloodstained altar of Trog.
  5987 | D:6      | Reached skill level 1 in Shields
  6372 | D:6      | Reached XP level 9. HP: 55/58 MP: 12/12
  6450 | D:6      | Reached skill level 5 in Invocations
  6569 | D:6      | Found a staircase to the Ecumenical Temple.
  6909 | D:7      | Reached **** piety under Cheibriados
  7056 | D:7      | Reached skill level 1 in Evocations
  7595 | D:7      | Found a shimmering blue altar of Sif Muna.
  7641 | D:8      | Reached skill level 5 in Fighting
  7642 | D:8      | Found Bepufupp's Armour Shop.
  7845 | D:8      | Reached skill level 7 in Long Blades
  8060 | D:8      | Reached XP level 10. HP: 55/66 MP: 14/14
  8363 | D:8      | Found a glowing golden altar of the Shining One.
  8658 | D:8      | Reached ***** piety under Cheibriados
  8669 | D:8      | Reached skill level 5 in Evocations
  8948 | D:9      | Reached skill level 8 in Long Blades
  9038 | D:9      | Learned a level 4 spell: Summon Lightning Spire
  9058 | D:9      | Found a shimmering altar of Xom.
  9074 | D:10     | Entered Level 10 of the Dungeon
  9453 | D:10     | Found a roughly hewn altar of Beogh.
  9453 | D:10     | Found a staircase to the Orcish Mines.
  9477 | D:10     | Reached skill level 9 in Long Blades
  9912 | D:10     | Noticed a two-headed ogre
  9918 | D:10     | Killed a two-headed ogre
 10202 | D:10     | Reached skill level 10 in Long Blades
 10216 | D:10     | Mangled by a large slime creature

Illustrated notes

Levels and vault maps discovered:
D:1:      mrwooster_arrival_statue, layout_loops_ring
D:2:      layout_basic, elyvilon_altar_4, fiery_altar_vehumet,
          nicolae_gozag_zags_fifth_avenue, old_standard_altar,
          kennysheep_generic_room_11, uniq_robin, uniq_crazy_yiuf_cottage,
          uniq_jessica
D:3:      layout_basic, kennysheep_slug_shrine,
          nicolae_ru_great_annihilating_truth, first_ration, serial_glass,
          glass_columns_b, glass_columns_a, uniq_terence, uniq_grinder
D:4:      minmay_general_purpose_star, layout_basic, kennysheep_vampire_church
D:5:      layout_rooms, kennysheep_little_box, lemuel_round_altar,
          minmay_misc_feat_plants, kennysheep_generic_room_10
D:6:      layout_basic, nicolae_overflow_crystal_walls,
          minmay_temple_entry_statues_pillars, minivault_27
D:7:      layout_cave_pools, lemuel_round_altar
D:8:      layout_loops_ring, tso_metal_star, serial_shops, nicolae_shop_trees,
          hangedman_little_slice_of_home, dk_rats_in_the_wall
D:9:      layout_basic, lemuel_doored_altar, serial_undead, serial_undead_c,
          serial_undead_c, serial_undead_d, serial_undead_d,
          gammafunk_ghost_berserking_beasts
D:10:     layout_basic, david_orc_5

Skill      XL: |  1  2  3  4  5  6  7  8  9 10 |
---------------+-------------------------------+-----
Fighting       | 3 4 5 6 |  6.0
Long Blades    | 4 6 7 10 | 10.0
Dodging        | 4 6 8 |  8.0
Invocations    | 4 6 |  6.0
Shields        | 2 4 |  4.0
Evocations     | 4 6 |  6.0
Throwing       | |  2.0

Action                   |  1- 3 |  4- 6 |  7- 9 | 10-12 || total
-------------------------+-------+-------+-------+-------++-------
Melee: Long sword        |    56 |    83 |   247 |   121 ||   507
       Constrict         |    18 |    29 |    83 |    28 ||   158
       Tentacles         |     6 |    25 |   113 |    62 ||   206
Invok: Slouch            |       |       |     1 |     3 ||     4
Evoke: Wand              |       |       |     1 |     1 ||     2
  Use: Scroll            |       |       |     9 |     1 ||    10
       Potion            |       |       |     5 |       ||     5
 Stab: Sleeping          |     8 |     4 |    10 |     7 ||    29
       Paralysed         |       |     1 |       |       ||     1
       Distracted        |       |       |     1 |     1 ||     2
  Eat: Chunk             |       |     7 |     8 |     3 ||    18
Armor: Skin              |     5 |     5 |    13 |     1 ||    24
Dodge: Dodged            |    54 |    46 |   196 |    63 ||   359
Block: Buckler           |       |       |    57 |    46 ||   103
       Reflection        |       |       |       |     7 ||     7
       Rpst.: Long sword |    19 |    14 |    57 |    19 ||   109

Table legend:
 A = Non-vault XP
 B = Vault XP
 C = Vault XP percentage of total XP
 D = Non-vault monster count
 E = Vault monster count
 F = Vault count percentage of total count
                 A         B        C        D         E       F
            +---------+---------+-------+---------+---------+-------
      Total |    6795 |    1857 |  21.5 |     210 |      66 |  23.9
            +---------+---------+-------+---------+---------+-------
        D:1 |      53 |       0 |   0.0 |      23 |       0 |   0.0
        D:2 |      78 |     115 |  59.6 |      19 |      15 |  44.1
        D:3 |      92 |     337 |  78.6 |      22 |       7 |  24.1
        D:4 |     430 |     200 |  31.7 |      36 |       9 |  20.0
        D:5 |     590 |       3 |   0.5 |      24 |       1 |   4.0
        D:6 |     843 |       0 |   0.0 |      17 |       0 |   0.0
        D:7 |    1150 |       0 |   0.0 |      22 |       0 |   0.0
        D:8 |    1574 |     164 |   9.4 |      33 |       8 |  19.5
        D:9 |     549 |      34 |   5.8 |       6 |       2 |  25.0
       D:10 |    1436 |    1004 |  41.1 |       8 |      24 |  75.0
            +---------+---------+-------+---------+---------+-------
